 Dungeon Crawl Stone Soup version 0.29-a0-111-gbaf749a769 (webtiles) character file.

Game seed: 5764321542633013123

47 kae the Ruffian (level 3, -3/28 HPs)
             Began as a Draconian Transmuter on Feb 17, 2022.
             Slain by a gnoll (4 damage)
             ... on level 2 of the Dungeon.
             The game lasted 00:01:14 (1554 turns).

kae the Ruffian (Draconian Transmuter)              Turns: 1554, Time: 00:01:15

Health: -3/28      AC:  5    Str: 12    XL:     3   Next: 48%
Magic:  6/6        EV: 12    Int: 15    God:
Gold:   93         SH:  0    Dex: 11    Spells: 2/6 levels left

rFire   . . .      SeeInvis .     - Unarmed
rCold   . . .      Faith    .   (no shield)
rNeg    . . .      Spirit   .   (armour unavailable)
rPois   .          Reflect  .   (helmet restricted)
rElec   .          Harm     .   (no cloak)
rCorr   .          Rampage  .   (no gloves)
Will    .....                   (no boots)
Stlth   +.........              (no amulet)
HPRegen 0.09/turn               (no ring)
MPRegen 0.10/turn               (no ring)

@: no status effects
A: AC +5, unfitting armour, cold-blooded
a: no special abilities


You were on level 2 of the Dungeon.
You visited 1 branch of the dungeon, and saw 2 of its levels.

You collected 93 gold pieces.

Inventory:

Jewellery
 h - a ring of resist corrosion
Scrolls
 b - a scroll of magic mapping {unknown}
 d - a scroll of acquirement {unknown}
 g - 2 scrolls of identify {unknown}
 i - a scroll of silence {unknown}
 k - a scroll of fear {unknown}
 m - a scroll of immolation {unknown}
Potions
 a - a potion of curing {unknown}
 c - a potion of heal wounds
 e - 2 potions of berserk rage {unknown}
 f - a potion of magic {unknown}
 j - a potion of mutation {unknown}
 l - a potion of attraction {unknown}


   Skills:
 + Level 1.6 Fighting
 + Level 2.1 Dodging
 * Level 3.5 Unarmed Combat
 + Level 2.2 Spellcasting
 * Level 2.5 Transmutations
 * Level 0.1 Poison Magic


You had 2 spell levels left.
You knew the following spells:

 Your Spells              Type           Power      Damage    Failure   Level
a - Beastly Appendage     Tmut           18%        N/A       8%          1
b - Spider Form           Tmut/Pois      5%         N/A       36%         3

Your spell library contained the following spells:

 Spells                   Type           Power      Damage    Failure   Level
 Wereblood                Tmut           9%         N/A       12%         2
 Ensorcelled Hibernation  Hex/Ice        2%         N/A       32%         2
 Ice Form                 Ice/Tmut       5%         N/A       77%         4
 Anguish                  Hex/Necr       0%         N/A       91%         4


Dungeon Overview and Level Annotations

Branches:
Dungeon (2/15)

Altars:
Kikubaaqudgha


Innate Abilities, Weirdness & Mutations

Your plain brown scales are hard. (AC +5)
You cannot fit into any form of body armour.
You are cold-blooded and may be slowed by cold attacks.


Message History

Found 12 gold pieces.
A quokka is nearby!
A quokka is nearby!
You closely miss the quokka. The quokka closely misses you.
A quokka is nearby!
You hit the quokka.
You kill the quokka!
Your horns disappear.
Your talons disappear.
No target in view!
You now have 93 gold pieces (gained 12).
A gnoll comes into view.
It is wielding a +0 flail. 2 gnolls come into view.
The gnoll shouts!
You hear a shout!
The gnoll moves out of view. x2
A gnoll shaman and an endoplasm come into view.
The gnoll shaman shouts!
The gnoll shouts! x2
The endoplasm quivers.
The gnoll shaman calls upon its god to speed up the gnoll.
The gnoll seems to speed up.
There are monsters nearby!
You completely miss the gnoll.
There are monsters nearby!
You closely miss the gnoll. You tail-slap the gnoll.
The gnoll is lightly wounded.
The gnoll hits you from afar with a +0 spear!
The gnoll misses you.
The gnoll hits you from afar with a +0 spear.
You hit the gnoll but do no damage.
The gnoll is lightly wounded.
The gnoll hits you from afar with a +0 spear.
The gnoll hits you with a +0 flail. The gnoll misses you.
There are monsters nearby!
The gnoll hits you from afar with a +0 spear.
* * * LOW HITPOINT WARNING * * *
The gnoll shaman calls upon its god to speed up the gnoll.
The gnoll seems to speed up.
The gnoll hits you from afar with a +0 spear.
* * * LOW HITPOINT WARNING * * *
The gnoll hits you from afar with a +0 spear.
You die...

...... ##...#)## ......
.#..#.#..## ......###
........... #.....#
#........... #...####
##....#......
#..J..####.......##...
######ggg...............#.
..........g...........####.
.#####....@..##............
#...####...........#.###
....## ###..........#.#
#### #............#.#
#....#.......#.##.
######.†...######......
##...........# #)#.###
#..###....##.#####.....#
###.####....##.##.........


You could see a gnoll shaman, 3 gnolls and an endoplasm.

Vanquished Creatures
  2 adders (D:2)
  2 endoplasms
  A giant cockroach (D:2)
  6 hobgoblins
  2 jackals (D:2)
  5 kobolds
  2 quokkas
  A ball python (D:1)
  A bat (D:1)
  2 frilled lizards
  2 goblins (D:1)
  A rat (D:1)
27 creatures vanquished.

Notes
Turn   | Place    | Note
-------+----------+-------------------------------------------
     0 | D:1      | kae the Draconian Transmuter began the quest for the Orb.
     0 | D:1      | Reached XP level 1. HP: 16/16 MP: 3/3
   649 | D:1      | Reached XP level 2. HP: 23/23 MP: 3/5
   759 | D:1      | Found a faded altar of an unknown god.
  1122 | D:2      | Reached XP level 3. HP: 17/28 MP: 4/6
  1206 | D:2      | Learned a level 3 spell: Spider Form
  1468 | D:2      | Found an ancient bone altar of Kikubaaqudgha.
  1554 | D:2      | HP: 1/28 [gnoll (5)]
  1554 | D:2      | Slain by a gnoll

Illustrated notes

Levels and vault maps discovered:
D:1:      dpeg_arrival_snail, layout_rooms,
          shapermc_ecumenical_altar_starsandcircs, serial_bayou_crossing
D:2:      layout_rooms, basic_altar

Skill      XL: |  1  2 |
---------------+-------+-----
Dodging        | 2 |  2.1
Fighting       | |  1.6
Unarmed Combat | |  3.5
Spellcasting   | |  2.2
Transmutations | |  2.5
Poison Magic   | |  0.1

Action                   || total
-------------------------++-------
Melee: Unarmed           ||    78
       Tailslap          ||    11
       Kick              ||     6
       Headbutt          ||     6
 Cast: Beastly Appendage ||    12
  Use: Scroll            ||     2
       Potion            ||     1
Armor: Skin              ||    19
Dodge: Dodged            ||    51

Table legend: (Time is in decaauts)
 A = Elapsed time spent in this place.
 B = Non-inter-level travel time spent in this place.
 C = Inter-level travel time spent in this place.
 D = Time resting spent in this place.
 E = Time spent auto-exploring this place.
 F = Levels seen in this place.
 G = Mean time per level.
                   A        B        C        D        E       F      G
               +--------+--------+--------+--------+--------+-----+--------+
         Total |   1556 |   1516 |     40 |    352 |    955 |   2 |  778.0 |
       Dungeon |   1556 |   1516 |     40 |    352 |    955 |   2 |  778.0 |
               +--------+--------+--------+--------+--------+-----+--------+

Top non-repeatable levels by time:
     D:1: 1083 daAuts
     D:2: 472 daAuts
